 Dungeon Crawl Stone Soup version 0.31-a0-128-g25add195a6 (webtiles) character file.

Game seed: 9913275888108823106

24528 Dittersdorf the Fighter (level 13, -6/87 HPs)
             Began as a Gargoyle Fighter on June 1, 2023.
             Was a High Priest of Okawaru.
             Mangled by a bog body (7 damage)
             ... on level 2 of the Lair of Beasts.
             The game lasted 00:23:08 (14765 turns).

Dittersdorf the Fighter (Gargoyle Fighter)         Turns: 14765, Time: 00:23:09

Health: -6/87      AC: 32    Str: 24    XL:     13   Next: 13%
Magic:  13/13      EV:  7    Int: 10    God:    Okawaru [*****.]
Gold:   673        SH: 16    Dex:  9    Spells: 12/12 levels left

rFire   . . .        v - +1 demon whip (venom)
rCold   . . .        H - +0 kite shield
rNeg    + + .        i - +0 plate armour
rPois   ∞            C - +0 helmet
rElec   +            x - +0 cloak
rCorr   +            m - +1 pair of gloves
SInv    .            h - +0 pair of boots
Will    .....        r - amulet of reflection Stlth
                     n - ring of positive energy
HPRegen 0.34/turn    e - ring of resist corrosion
MPRegen 0.13/turn

%: reflection
@: studying Conjurations
A: sickness immunity, AC +9, negative energy resistance 1, electricity
resistance, torment resistance 1, petrification resistance
a: Renounce Religion, Heroism, Finesse, Duel


You were on level 2 of the Lair of Beasts.
You worshipped Okawaru.
Okawaru was extremely pleased with you.
You visited 3 branches of the dungeon, and saw 13 of its levels.

You collected 673 gold pieces.

Inventory:

Hand Weapons
 v - a +1 demon whip of venom (weapon)
Missiles
 G - 3 curare-tipped darts (quivered)
Armour
 h - a +0 pair of boots (worn)
 i - a +0 plate armour (worn)
 m - a +1 pair of gloves (worn)
 x - a +0 cloak (worn)
 C - a +0 helmet (worn)
 H - a +0 kite shield (worn)
Jewellery
 c - a ring of willpower
 e - a ring of resist corrosion (right hand)
 n - a ring of positive energy (left hand)
 o - a ring of protection from cold
 r - an amulet of reflection (around neck)
 y - a ring of fire
 D - a ring of willpower
Wands
 q - a wand of paralysis (6)
 s - a wand of quicksilver (4)
 z - a wand of roots (16)
 A - a wand of flame (23)
Scrolls
 a - 2 scrolls of magic mapping
 b - 11 scrolls of identify
 f - a scroll of fog
 k - 10 scrolls of teleportation
 B - 2 scrolls of blinking
Potions
 d - 3 potions of might
 g - 2 potions of magic
 j - 3 potions of curing
 l - a potion of berserk rage
 p - a potion of resistance
 t - 2 potions of enlightenment
 u - 3 potions of brilliance
 w - a potion of haste
 E - a potion of cancellation
 F - a potion of mutation


   Skills:
 + Level 12.5 Fighting
 + Level 11.2 Maces & Flails
 + Level 12.4 Armour
 + Level 12.4 Shields


You had 12 spell levels left.
You didn't know any spells.
Your spell library contained the following spells:

 Spells                   Type           Power      Damage    Failure   Level
 Apportation              Tloc           0%         N/A       99%         1
 Foxfire                  Conj/Fire      0%         2x1d4     99%         1
 Kiss of Death            Conj/Necr      0%         2d5       99%         1
 Sandblast                Erth           0%         2d4       99%         1
 Slow                     Hex            0%         N/A       99%         1
 Confusing Touch          Hex            0%         N/A       100%        3
 Portal Projectile        Hex/Tloc       0%         N/A       100%        3
 Vampiric Draining        Necr           0%         2d6       100%        3
 Passage of Golubria      Tloc           0%         N/A       100%        4
 Alistair's Intoxication  Tmut/Pois      0%         N/A       100%        5
 Blade Hands              Tmut           0%         N/A       100%        5
 Borgnjor's Vile Clutch   Necr/Erth      0%         N/A       100%        5
 Silence                  Hex/Air        0%         N/A       100%        5
 Eringya's Noxious Bog    Tmut/Pois      0%         N/A       100%        6
 Lehudib's Crystal Spear  Conj/Erth      0%         10d2      100%        8
 Tukima's Dance           Hex            Unusable   N/A       N/A         3

Dungeon Overview and Level Annotations

Branches:
Dungeon (10/15)            Temple (1/1) D:4            Lair (2/5) D:9
  Swamp (0/4) Lair:2        Snake (0/4) Lair:2
    Orc: D:9-12

Altars:
Ashenzari
Cheibriados
Dithmenos
Elyvilon
Fedhas
Gozag
Hepliaklqana
Kikubaaqudgha
Makhleb
Nemelex Xobeh
Okawaru
Qazlal
Ru
Sif Muna
Trog
Uskayaw
Vehumet
Wu Jian
Xom
Yredelemnul
Zin
The Shining One


Innate Abilities, Weirdness & Mutations

You are immune to sickness and miasma.
Your stone body is resilient. (AC +9)
You are immune to poison.
You resist negative energy. (rN+)
You are resistant to electric shocks. (rElec)
You are resistant to unholy torment.
You are immune to petrification.


Message History

You hit the bog body.
The bog body is lightly damaged.
You block the bog body's attack. The bog body touches you.
The bog body freezes you!!
You are too injured to fight recklessly!
You are too injured to fight recklessly!
You are too injured to fight recklessly!
You are too injured to fight recklessly!
You are too injured to fight recklessly!
You are too injured to fight recklessly!
You are too injured to fight recklessly!
You are too injured to fight recklessly!
You are too injured to fight recklessly!
You are too injured to fight recklessly!
You are too injured to fight recklessly!
You are too injured to fight recklessly!
You are too injured to fight recklessly!
You are too injured to fight recklessly!
You are too injured to fight recklessly!
You are too injured to fight recklessly!
You are too injured to fight recklessly!
You are too injured to fight recklessly!
You are too injured to fight recklessly!
You are too injured to fight recklessly!
You are too injured to fight recklessly!
You are too injured to fight recklessly!
You are too injured to fight recklessly!
You are too injured to fight recklessly!
You are too injured to fight recklessly!
You are too injured to fight recklessly!
A nearby plant withers and dies.
You block the bog body's attack. The bog body casts a spell at you.
The bolt of cold hits you!!
* * * LOW HITPOINT WARNING * * *
You whack the bog body!
The bog body is heavily damaged.
You hit the bog body.
The bog body is heavily damaged.
You block the bog body's attack. The bog body touches you!
You die...

#...## #≈
###..#### #≈ #..
...# #≈
P......## #≈
#..~~~..# ##
##.§♣~~~§## #
#.§♣§§♣§..##
#..§n♣§§...##
#§@n§§.....##
#..§....##..##
###....##....##
###.......... ##
#..........###P
#...........P..
###............
###............#
#..............#


You could see 2 bog bodies.

Vanquished Creatures
  Erolcha (D:10)
  2 two-headed ogres
  Amaemon (Lair:1)
  2 lindwurms (Lair:1)
  4 elephants (Lair:1)
  A centaur zombie (D:10)
  3 black mambas (Lair:1)
  An orange demon (Lair:1)
  Psyche (D:9)
  5 cane toads
  An unseen horror zombie (D:10)
  A rime drake (Lair:1)
  3 trolls
  A hornet (D:8)
  16 blink frogs
  34 yaks
  A basilisk (Lair:2)
  3 wyverns
  3 steam dragons
  Grum (D:10)
  A naga (Lair:2)
  6 water moccasins
  4 orc warriors
  An ice beast (D:5)
  A sky beast (D:6)
  A black bear (D:4)
  7 wolves
  An ogre (D:4)
  A phantom (D:6)
  4 centaurs
  2 kobold brigands
  10 bullfrogs
  A gnoll sergeant (D:7)
  5 scorpions
  21 wights
  5 killer bees (D:9)
  8 howler monkeys
  4 electric eels
  A lava snake (Lair:2)
  5 hounds
  6 orc priests
  A jelly (D:7)
  A gnoll bouda (D:6)
  6 iguanas
  Jessica (D:3)
  A sleepcap (D:5)
  13 orc wizards
  9 gnolls
  5 adders
  A shadow imp (D:7)
  A white imp (D:8)
  A worm (D:2)
  35 orcs
  5 ball pythons
  4 endoplasms
  2 giant cockroaches
  3 goblins
  4 hobgoblins
  19 kobolds
  4 quokkas
  2 bats (D:1)
  4 frilled lizards
  4 rats
306 creatures vanquished.

Vanquished Creatures (others)
  A lava snake (Lair:2)
  A kobold (D:7)
2 creatures vanquished.

Grand Total: 308 creatures vanquished

Notes
Turn   | Place    | Note
-------+----------+-------------------------------------------
     0 | D:1      | Dittersdorf the Gargoyle Fighter began the quest for the
                  | Orb.
     0 | D:1      | Reached XP level 1. HP: 14/14 MP: 1/1
   116 | D:1      | Reached XP level 2. HP: 19/19 MP: 2/2
   762 | D:2      | Got Xocajy's Theurgy 101
   801 | D:2      | Reached XP level 3. HP: 23/23 MP: 3/3
  1168 | D:2      | Reached XP level 4. HP: 28/29 MP: 4/4
  1761 | D:3      | Noticed Jessica
  1768 | D:3      | Killed Jessica
  1769 | D:3      | Reached XP level 5. HP: 31/33 MP: 5/5
  1864 | D:3      | You fall into a shaft and drop 3 floors!
  2084 | D:6      | Noticed a phantom
  2106 | D:6      | Killed a phantom
  2107 | D:6      | Reached XP level 6. HP: 39/39 MP: 6/6
  2141 | D:6      | Found a stormy altar of Qazlal.
  2191 | D:6      | Noticed a sky beast
  2218 | D:6      | Killed a sky beast
  2246 | D:6      | HP: 2/40 [orc/+0 whip (2)]
  2266 | D:6      | Reached skill level 5 in Fighting
  2456 | D:6      | Reached skill level 5 in Armour
  2456 | D:6      | Reached skill level 5 in Shields
  2486 | D:6      | Reached XP level 7. HP: 36/44 MP: 7/7
  2713 | D:5      | Entered Level 5 of the Dungeon
  3519 | D:4      | Found a staircase to the Ecumenical Temple.
  3535 | Temple   | Entered the Ecumenical Temple
  3897 | D:4      | Reached XP level 8. HP: 51/51 MP: 8/8
  3926 | D:4      | Reached skill level 5 in Maces & Flails
  5597 | D:7      | Noticed a +0 dagger
  5597 | D:7      | Noticed a +0 dagger
  5597 | D:7      | Found a hide-covered altar of Uskayaw.
  5656 | D:7      | Reached XP level 9. HP: 36/57 MP: 9/9
  5815 | D:7      | Found an ornate altar of the Wu Jian Council.
  6529 | D:8      | Noticed a hornet
  6543 | D:8      | Killed a hornet
  7102 | D:7      | Reached XP level 10. HP: 27/64 MP: 10/10
  7651 | D:8      | Found a shimmering altar of Xom.
  7723 | D:8      | Found a hazy altar of Hepliaklqana.
  7842 | D:9      | Noticed a two-headed ogre
  7867 | D:8      | Killed a two-headed ogre
  8195 | D:9      | Found an iron altar of Okawaru.
  8216 | D:9      | Became a worshipper of Warmaster Okawaru
  8472 | D:9      | Reached * piety under Okawaru
  8722 | D:9      | Found a burning altar of Makhleb.
  8875 | D:9      | Found a staircase to the Lair.
  8922 | D:9      | Found an ancient bone altar of Kikubaaqudgha.
  8923 | D:9      | Found a glowing silver altar of Zin.
  8923 | D:9      | Found a shimmering blue altar of Sif Muna.
  8925 | D:9      | Found a blossoming altar of Fedhas.
  8927 | D:9      | Found a bloodstained altar of Trog.
  8974 | D:9      | Reached XP level 11. HP: 43/72 MP: 11/11
  9271 | D:9      | Reached ** piety under Okawaru
  9452 | D:10     | Entered Level 10 of the Dungeon
  9468 | D:10     | Noticed a two-headed ogre
  9482 | D:10     | Killed a two-headed ogre
  9483 | D:10     | Reached skill level 10 in Fighting
  9656 | D:10     | Noticed Psyche
  9735 | D:9      | Killed Psyche
  9736 | D:9      | Reached skill level 10 in Armour
  9736 | D:9      | Reached skill level 10 in Shields
  9844 | D:10     | Found a white marble altar of Elyvilon.
 10044 | D:10     | Reached *** piety under Okawaru
 10261 | D:10     | Noticed Erolcha
 10268 | D:10     | Killed Erolcha
 10336 | D:10     | Noticed Grum
 10342 | D:10     | Reached **** piety under Okawaru
 10358 | D:10     | Killed Grum
 10416 | D:10     | Found a basalt altar of Yredelemnul.
 10541 | Lair:1   | Entered Level 1 of the Lair of Beasts
 10717 | D:9      | Received a gift from Okawaru
 10849 | Lair:1   | Reached ***** piety under Okawaru
 11334 | Lair:1   | Reached XP level 12. HP: 65/80 MP: 12/12
 11481 | Lair:1   | Received a gift from Okawaru
 11487 | Lair:1   | Reached skill level 10 in Maces & Flails
 11679 | Lair:1   | Identified the +2 helmet of Qilakk {Rampage} (Okawaru
                  | gifted it to you on level 1 of the Lair of Beasts)
 11679 | Lair:1   | Received a gift from Okawaru
 12169 | Lair:1   | Noticed Amaemon
 12661 | Lair:1   | Killed Amaemon
 12973 | Lair:1   | Found a runed translucent door.
 13437 | Lair:1   | Reached XP level 13. HP: 32/86 MP: 13/13
 14039 | Lair:2   | Found a staircase to the Snake Pit.
 14393 | Lair:2   | Received a gift from Okawaru
 14756 | Lair:2   | Found a staircase to the Swamp.
 14763 | Lair:2   | HP: 1/87 [bog body/bolt of cold (27)]
 14765 | Lair:2   | Mangled by a bog body

Illustrated notes

Levels and vault maps discovered:
D:1:      dpeg_arrival_connections, layout_basic
D:2:      layout_loops_ring
D:3:      layout_basic, wander_ebering_terrifying_dragon_lair, uniq_jessica
D:4:      layout_cave_pools, minmay_temple_entry_sparse_star
D:5:      layout_layer_cave
D:6:      nicolae_cairo_tiling_very_big, layout_loops_corners,
          overflow_temple_1_default
D:7:      layout_basic, dancing_weapons_uskayaw, nzn_wu_jian_council_hall
D:8:      layout_gridville, mainiacjoe_overflow_paths,
          nicolae_hepliaklqana_hippocampus
D:9:      layout_basic, minitemple, lemuel_crystal_altar,
          grunt_lair_entry_orc_guard_hut, amcnicky_mini_rare_corridor_liquid
D:10:     layout_gridville, lemuel_zombie_altar_yredelemnul,
          mainiacjoe_overflow_surrounded_room, uniq_erolcha, uniq_grum,
          uniq_psyche
Temple:   hellmonk_temple_flake
Lair:1:   gammafunk_lair_enchanted_lake, layout_gridlike,
          nicolae_lair_grazing_beasts [nicolae_sub_lair_graze_edge,
          nicolae_sub_lair_graze_edge, nicolae_sub_lair_graze_edge,
          nicolae_sub_lair_graze_edge], uniq_amaemon
Lair:2:   layout_cave_pods, skrybe_swamp_entry_bodies,
          guppyfry_snake_entry_island, nicolae_lair_liquid_snakes

Skill      XL: |  1  2  3  4  5  6  7  8  9 10 11 12 |
---------------+-------------------------------------+-----
Fighting       | 4 5 7 8 9 11 12 | 12.5
Armour         | 4 5 6 8 9 10 12 | 12.4
Shields        | 4 5 6 8 9 10 12 | 12.4
Maces & Flails | 3 4 5 7 8 9 11 | 11.2

Action                     |  1- 3 |  4- 6 |  7- 9 | 10-12 | 13-15 || total
---------------------------+-------+-------+-------+-------+-------++-------
  Melee: Flail             |   105 |   117 |   475 |       |       ||   697
         Morningstar       |       |       |    31 |   704 |       ||   735
         Unarmed           |       |       |       |     5 |       ||     5
         Demon whip        |       |       |       |    72 |    94 ||   166
 Invoke: Heroism           |       |       |       |     1 |       ||     1
    Use: Scroll            |       |       |    19 |     4 |       ||    23
 Armour: Scale mail        |    63 |    46 |       |       |       ||   109
         Chain mail        |       |     2 |   316 |   275 |       ||   593
         Plate armour      |       |       |       |   246 |    27 ||   273
  Dodge: Dodged            |    55 |    37 |   150 |   257 |     4 ||   503
  Block: Buckler           |    22 |    55 |   291 |   514 |       ||   882
         Reflection        |       |       |    16 |     6 |       ||    22
         Kite shield       |       |       |       |       |    48 ||    48

Table legend: (Time is in decaauts)
 A = Elapsed time spent in this place.
 B = Non-inter-level travel time spent in this place.
 C = Inter-level travel time spent in this place.
 D = Time resting spent in this place.
 E = Time spent auto-exploring this place.
 F = Levels seen in this place.
 G = Mean time per level.
                   A        B        C        D        E       F      G
               +--------+--------+--------+--------+--------+-----+--------+
         Total |  14956 |  14499 |    457 |   3129 |   7662 |  13 | 1150.5 |
       Dungeon |  10990 |  10661 |    329 |   1826 |   6072 |  10 | 1099.0 |
        Temple |    158 |    149 |      9 |      0 |    134 |   1 |  158.0 |
          Lair |   3808 |   3690 |    118 |   1303 |   1456 |   2 | 1904.0 |
               +--------+--------+--------+--------+--------+-----+--------+

Top non-repeatable levels by time:
  Lair:1: 2796 daAuts
     D:9: 1786 daAuts
     D:6: 1468 daAuts
     D:8: 1443 daAuts
     D:5: 1229 daAuts
     D:7: 1203 daAuts
  Lair:2: 1011 daAuts
    D:10: 995 daAuts
     D:3: 803 daAuts
     D:1: 746 daAuts
     D:2: 689 daAuts
     D:4: 625 daAuts
  Temple: 158 daAuts
